 Dungeon Crawl Stone Soup version 0.22-a0-161-g198051c (webtiles) character file.

249 b5mith the Slasher (level 5, -8/47 HPs)
             Began as a Minotaur Fighter on Feb 11, 2018.
             Mangled by an iguana (11 damage)
             ... on level 4 of the Dungeon.
             The game lasted 00:06:53 (2251 turns).

b5mith the Slasher (Minotaur Fighter)               Turns: 2251, Time: 00:06:54

Health: -8/47      AC:  7    Str: 26    XL:     5   Next: 86%
Magic:  4/4        EV:  8    Int:  5    God:
Gold:   107        SH: 10    Dex: 10    Spells: 4/4 levels left

rFire    . . .     SeeInvis .   a - +0 long sword
rCold    . . .     Gourm    .   c - +0 shield
rNeg     . . .     Faith    .   b - +0 scale mail
rPois    .         Spirit   .   (helmet restricted)
rElec    .         Reflect  .   (no cloak)
rCorr    .         Harm     .   (no gloves)
MR       .....                  (no boots)
Stlth    ..........             (no amulet)
HPRegen  0.15/turn              (no ring)
MPRegen  0.09/turn              (no ring)

@: mighty
A: retaliatory headbutt, horns 2
a: no special abilities


You were on level 4 of the Dungeon.
You were not hungry.

You visited 1 branch of the dungeon, and saw 4 of its levels.

You collected 107 gold pieces.

Inventory:

Hand Weapons
 a - a +0 long sword (weapon)
Armour
 b - a +0 scale mail (worn)
 c - a +0 shield (worn)
Wands
 r - a wand of acid (5)
Scrolls
 e - a scroll of identify {@r1}
 g - 2 scrolls of blinking {unknown}
 h - 2 scrolls of enchant armour {unknown}
 i - 2 scrolls of immolation
 k - 5 scrolls of magic mapping
 m - 4 scrolls of remove curse {unknown}
 q - a scroll of enchant weapon {unknown}
Potions
 j - a potion of magic {unknown}
 l - a potion of cancellation {unknown}
 n - a potion of curing {unknown}
 o - 2 potions of heal wounds
 p - a potion of berserk rage {unknown}
 s - a potion of flight {unknown}
Comestibles
 f - 5 rations


   Skills:
 + Level 4.8 Fighting
 * Level 5.0 Long Blades
 + Level 4.9 Armour
 + Level 4.8 Shields


You had 4 spell levels left.
You didn't know any spells.

Dungeon Overview and Level Annotations

Branches:
Dungeon (4/15)
 Temple: D:4-7

Altars:


Innate Abilities, Weirdness & Mutations

You reflexively headbutt those who attack you in melee.
You have a pair of horns on your head.


Message History

You slash Robin!
Robin is severely wounded.
The iguana bites you.
* * * LOW HITPOINT WARNING * * *
Robin throws the goblin at you!
* * * LOW HITPOINT WARNING * * *
The goblin hits you but does no damage. You block the iguana's attack.
You slash Robin!
You kill Robin!
Your Long Blades skill increases to level 5!
The hobgoblin no longer looks unusually strong.
The goblin closely misses you. You furiously retaliate!
You headbutt the goblin.
You kill the goblin!
You block the iguana's attack.
The hobgoblin hits you but does no damage.
You slice the hobgoblin!!
You kill the hobgoblin!
The iguana bites you!
You die...

..# #.g .....
..###.. ......
..... #........##
...
#.........###)#
#..........##[#
#..........##†##
#..........)#lg#
#...........@o.#
#...........#..##
#...............#
#.......<...###...
#..........##
#.... #..........#
.... #........###
##.. .........##
#. ##.......+


You could see an iguana, an orc and a goblin.

Vanquished Creatures
  2 orc wizards (D:4)
  Robin (D:4)
  11 adders
  2 worms (D:3)
  2 leopard geckos (D:3)
  2 orcs (D:4)
  7 bats
  A giant cockroach (D:3)
  15 goblins
  9 hobgoblins
  10 jackals
  7 kobolds
  A quokka (D:1)
  A frilled lizard (D:2)
  5 rats
76 creatures vanquished.

Notes
Turn   | Place    | Note
-------+----------+-------------------------------------------
     0 | D:1      | b5mith the Minotaur Fighter began the quest for the Orb.
     0 | D:1      | Reached XP level 1. HP: 19/19 MP: 0/0
   347 | D:1      | Reached XP level 2. HP: 27/27 MP: 1/1
  1096 | D:2      | Reached skill level 3 in Long Blades
  1099 | D:2      | Reached XP level 3. HP: 18/33 MP: 2/2
  1189 | D:2      | Reached XP level 4. HP: 14/40 MP: 3/3
  1611 | D:3      | Reached skill level 4 in Long Blades
  1878 | D:3      | Reached XP level 5. HP: 46/47 MP: 4/4
  2202 | D:4      | Noticed Robin
  2250 | D:4      | Killed Robin
  2250 | D:4      | Reached skill level 5 in Long Blades
  2251 | D:4      | Mangled by an iguana

Vault maps used:
D:1:      evilmike_arrival_plus
D:2:      first_ration, grunt_ministairs_2
D:3:      kennysheep_small_spiral, feat_on_display
D:4:      cheibrodos_greedy_goblins, nicolae_qazlal_eye_of_the_storm, uniq_robin

Skill      XL: |  1  2  3  4  5 |
---------------+----------------+-----
Long Blades    | 3 4 5 |  5.0
Fighting       | 4 |  4.8
Armour         | 4 |  4.9
Shields        | 4 |  4.8

Action                   |  1- 3 |  4- 6 || total
-------------------------+-------+-------++-------
Melee: Long sword        |    59 |   123 ||   182
       Headbutt          |     6 |    17 ||    23
  Use: Scroll            |     2 |     2 ||     4
       Potion            |       |     1 ||     1
  Eat: Ration            |     1 |     1 ||     2
Armor: Scale mail        |    48 |    55 ||   103
Dodge: Dodged            |    46 |    38 ||    84
Block: Shield            |    46 |    45 ||    91
       Rpst.: Long sword |     6 |    10 ||    16

Table legend:
 A = Spawn XP
 B = Non-spawn XP
 C = Spawn XP percentage of total XP
 D = Spawn monster count
 E = Non-spawn monster count
 F = Spawn count percentage of total count
 G = Total turns spent on level
                    A         B        C        D         E        F      G
               +---------+---------+-------+---------+---------+-------+---------
         Total |       0 |     356 |   0.0 |       0 |      76 |   0.0 |  2251
               +---------+---------+-------+---------+---------+-------+---------
           D:1 |       0 |      20 |   0.0 |       0 |      11 |   0.0 |  1043
           D:2 |       0 |     102 |   0.0 |       0 |      21 |   0.0 |   413
           D:3 |       0 |     102 |   0.0 |       0 |      27 |   0.0 |   722
           D:4 |       0 |     132 |   0.0 |       0 |      17 |   0.0 |    73
               +---------+---------+-------+---------+---------+-------+---------
